 Dungeon Crawl Stone Soup version 0.21-a0-531-gacddea6 (webtiles) character file.

1176 Gerstahl the Carver (level 8, -11/68 HPs)
             Began as a Merfolk Gladiator on Dec 13, 2017.
             Killed from afar by Oozefury's ghost (19 damage)
             ... with a spray of energy
             ... on level 6 of the Dungeon.
             The game lasted 00:09:22 (5976 turns).

Gerstahl the Carver (Merfolk Gladiator)             Turns: 5976, Time: 00:09:23

Health: -11/68     AC:  4    Str: 15    XL:     8   Next: 41%
Magic:  8/8        EV: 14    Int:  7    God:
Gold:   479        SH:  0    Dex: 14    Spells: 7/7 levels left

rFire    . . .     SeeInvis .   a - +1 long sword
rCold    + . .     Gourm    .   (no shield)
rNeg     + . .     Faith    .   H - +0 robe "Naby" {rC+ rN+ Dex-3} (curse)
rPois    .         Spirit   .   c - +1 helmet
rElec    .         Reflect  .   (no cloak)
rCorr    .         Harm     .   (no gloves)
MR       .....                  (no boots)
Stlth    +.........             (no amulet)
HPRegen  0.21/turn              (no ring)
MPRegen  0.11/turn              (no ring)

@: confused, glowing
A: change form in water, swift swim, stealthy swim
a: no special abilities


You were on level 6 of the Dungeon.
You were hungry.

You visited 1 branch of the dungeon, and saw 6 of its levels.

You collected 479 gold pieces.

Inventory:

Hand Weapons
 a - a +1 long sword (weapon)
Armour
 b - a +0 leather armour
 c - a +1 helmet (worn)
 H - the cursed +0 robe "Naby" (worn) {rC+ rN+ Dex-3}
   (You found it on level 5 of the Dungeon)

   It affects your dexterity (-3).
   It protects you from cold.
   It protects you from negative energy.
   It has a curse placed upon it.
Jewellery
 i - an uncursed amulet of guardian spirit
 x - an uncursed amulet of the gourmand {unknown}
 y - an uncursed ring of magical power {unknown}
 B - an uncursed amulet of faith {unknown}
Wands
 p - a wand of scattershot (5)
 v - a wand of iceblast (10)
 z - a wand of random effects (18)
Scrolls
 j - 2 scrolls of enchant weapon
 k - a scroll of immolation
 m - a scroll of identify
 o - 3 scrolls of magic mapping
 q - a scroll of teleportation
 w - 2 scrolls of enchant armour
Potions
 e - 2 potions of lignification {unknown}
 g - a potion of degeneration {unknown}
 l - 2 potions of brilliance {unknown}
 n - 4 potions of curing
 r - 4 potions of ambrosia {unknown}
 t - a potion of haste {unknown}
 u - a potion of flight {unknown}
 A - a potion of magic {unknown}
 C - 2 potions of heal wounds {unknown}
 G - 2 potions of agility
Comestibles
 f - 3 bread rations
 h - 6 fruits
 s - 2 meat rations


   Skills:
 + Level 7.9 Fighting
 + Level 8.2 Long Blades
 - Level 2.0 Throwing
 - Level 4.0 Dodging


You had 7 spell levels left.
You didn't know any spells.

Dungeon Overview and Level Annotations

Branches:
Dungeon (6/15)
 Temple: D:4-7

Altars:
Ashenzari
Cheibriados
Elyvilon
Fedhas
Gozag
Hepliaklqana
Nemelex Xobeh
Ru
Zin

Annotations:
D:6 Oozefury's ghost, novice FeEn


Message History

The crimson imp hits you but does no damage.
The crimson imp blinks!
Found a scroll labeled ACESME DECUI.
You're too confused to move!
You're too confused to move!
The crimson imp blinks!
You feel less confused. Oozefury's ghost casts a spell at you.
You are outlined in light.
Oozefury's ghost says, "Your future is not even bleak."
Oozefury's ghost casts a spell at you.
You are unaffected.
The crimson imp barely misses you.
The crimson imp blinks!
Oozefury's ghost stares at you and mumbles some strange words.
You are confused.
Oozefury's ghost casts a spell at you. The spray of energy misses you.
Oozefury's ghost casts a spell at you. The spray of energy hits you!
You die...

.. .# #########..
#..........
#..........
#....>.....
#..........
###########.........#
#...@.....#........(#
#.........#####'###.#
#.........#####'###..
#...W.............#..
#....?..5.........#..
#.................#.#
#########.........#.#
#.........#.#
#............


You could see Oozefury's ghost and a crimson imp.

Vanquished Creatures
  Sigmund (D:3)
  An ice beast (D:5)
  2 ogres
  A centaur (D:6)
  A scorpion (D:5)
  A crimson imp (D:5)
  A bullfrog skeleton (D:4)
  2 hounds
  4 orc priests (D:5)
  A jelly (D:5)
  2 orc wizards (D:5)
  Jessica (D:3)
  An iguana (D:4)
  Ijyb (D:3)
  3 worker ants
  A killer bee zombie (D:5)
  3 adders (D:3)
  A shadow imp (D:6)
  An adder zombie (D:5)
  2 worms
  2 dart slugs
  2 leopard geckos
  10 orcs (D:5)
  5 giant cockroaches
  3 goblins
  10 hobgoblins
  9 jackals
  4 quokkas
  3 ball pythons
  4 bats
  6 frilled lizards
  A jackal skeleton (D:4)
  6 kobolds
  A leopard gecko zombie (D:6)
  3 rats
100 creatures vanquished.

Notes
Turn   | Place    | Note
-------+----------+-------------------------------------------
     0 | D:1      | Gerstahl the Merfolk Gladiator began the quest for the Orb.
     0 | D:1      | Reached XP level 1. HP: 16/16 MP: 1/1
   219 | D:1      | Reached XP level 2. HP: 23/23 MP: 2/2
   388 | D:1      | Reached XP level 3. HP: 24/29 MP: 3/3
   499 | D:1      | Reached skill level 4 in Long Blades
   867 | D:2      | Found a sacrificial altar of Ru.
   945 | D:2      | Found a hazy altar of Hepliaklqana.
  1414 | D:3      | Noticed Ijyb
  1429 | D:3      | Killed Ijyb
  1429 | D:3      | Reached XP level 4. HP: 36/36 MP: 4/4
  1462 | D:3      | Found a white marble altar of Elyvilon.
  1531 | D:3      | Noticed Jessica
  1536 | D:3      | Killed Jessica
  1655 | D:3      | Noticed Sigmund
  1669 | D:3      | Killed Sigmund
  1669 | D:3      | Reached skill level 5 in Fighting
  1669 | D:3      | Reached skill level 5 in Long Blades
  1669 | D:3      | Reached XP level 5. HP: 39/44 MP: 5/5
  1669 | D:3      | Reached XP level 6. HP: 45/51 MP: 6/6
  1992 | D:3      | Found a glowing silver altar of Zin.
  2160 | D:3      | Found a blossoming altar of Fedhas.
  2892 | D:4      | Reached skill level 6 in Long Blades
  3107 | D:4      | Found a shattered altar of Ashenzari.
  3201 | D:4      | Reached XP level 7. HP: 34/57 MP: 7/7
  3678 | D:4      | Found a sparkling altar of Nemelex Xobeh.
  3783 | D:5      | Entered Level 5 of the Dungeon
  3795 | D:5      | Found a snail-covered altar of Cheibriados.
  4219 | D:5      | Got a dull robe
  4234 | D:5      | Identified the cursed +0 robe "Naby" {rC+ rN+ Dex-3} (You found it on level 5 of the Dungeon)
  4282 | D:5      | Reached skill level 7 in Long Blades
  4569 | D:5      | Found an opulent altar of Gozag.
  4670 | D:5      | Reached XP level 8. HP: 40/67 MP: 8/8
  5276 | D:6      | Reached skill level 8 in Long Blades
  5720 | D:6      | Noticed Oozefury's ghost (novice FeEn)
  5976 | D:6      | Killed from afar by Oozefury's ghost

Vault maps used:
D:1:      giann_wishing_wells, grunt_decor_mini_mirrors, minmay_tetromino_s2
D:2:      lemuel_round_altar, nicolae_ru_sacrificial_ziggurat
D:3:      overflow_temple_1_default, elyvilon_altar_1, zin_scriptorium,
          kennysheep_generic_room_5, uniq_sigmund, uniq_jessica, uniq_ijyb
D:4:      kennysheep_mini, evilmike_ruin_ashenzari, first_bread
D:5:      nicolae_gozag_cash_rules_everything_around_me, kennysheep_slug_shrine
D:6:      vehumet_statue, minmay_temple_entry_purple_smoke, uniq_pikel,
          uniq_blork_the_orc

Skill      XL: |  1  2  3  4  5  6  7  8 |
---------------+-------------------------+-----
Fighting       | 3 5 7 |  7.9
Long Blades    | 4 5 6 7 8 |  8.2
Throwing       | |  2.0
Dodging        | |  4.0

Action                   |  1- 3 |  4- 6 |  7- 9 || total
-------------------------+-------+-------+-------++-------
Melee: Long sword        |    96 |    91 |   155 ||   342
       Tailslap          |       |       |     4 ||     4
Throw: Throwing net      |       |     3 |     3 ||     6
Evoke: Wand              |       |     1 |       ||     1
  Use: Scroll            |       |       |     9 ||     9
       Potion            |       |       |     1 ||     1
 Stab: Sleeping          |       |     4 |     1 ||     5
       Held in net/web   |       |     1 |       ||     1
  Eat: Chunk             |     2 |     5 |     5 ||    12
       Royal jelly       |       |       |     1 ||     1
       Fruit             |       |       |     2 ||     2
Armor: Leather armour    |    29 |     7 |     8 ||    44
       Robe              |       |       |    10 ||    10
Dodge: Dodged            |    82 |    66 |   105 ||   253
       Rpst.: Long sword |    18 |    22 |    29 ||    69

Table legend:
 A = Spawn XP
 B = Non-spawn XP
 C = Spawn XP percentage of total XP
 D = Spawn monster count
 E = Non-spawn monster count
 F = Spawn count percentage of total count
 G = Total turns spent on level
                    A         B        C        D         E        F      G
               +---------+---------+-------+---------+---------+-------+---------
         Total |       0 |    1681 |   0.0 |       0 |     100 |   0.0 |  5976
               +---------+---------+-------+---------+---------+-------+---------
           D:1 |       0 |      38 |   0.0 |       0 |      22 |   0.0 |   700
           D:2 |       0 |      15 |   0.0 |       0 |       8 |   0.0 |   688
           D:3 |       0 |     372 |   0.0 |       0 |      21 |   0.0 |  1285
           D:4 |       0 |     290 |   0.0 |       0 |      12 |   0.0 |  1110
           D:5 |       0 |     723 |   0.0 |       0 |      33 |   0.0 |  1745
           D:6 |       0 |     243 |   0.0 |       0 |       4 |   0.0 |   448
               +---------+---------+-------+---------+---------+-------+---------
